 Dungeon Sprint DCSS version 0.22-a0-848-ge9e22a0 (webtiles) character file.

448 protoss039 the Cleaver (level 6, -8/67 HPs)
             Began as a Minotaur Fighter on July 26, 2018.
             Was an Initiate of Trog.
             Mangled by Sonja
             ... wielding a +2 short sword of distortion
              (16 damage)
             ... in the Dungeon (Sprint I: "Red Sonja").
             The game lasted 00:04:15 (513 turns).

protoss039 the Cleaver (Minotaur Fighter)            Turns: 513, Time: 00:04:16

Health: -8/67      AC:  9    Str: 21    XL:     6   Next: 73%
Magic:  5/5        EV:  5    Int:  5    God:    Trog [......]
Gold:   309        SH:  9    Dex: 11    Spells: 5/5 levels left

rFire    . . .     SeeInvis .   a - +0 war axe
rCold    . . .     Gourm    .   c - +0 shield
rNeg     . . .     Faith    .   n - +0 chain mail
rPois    .         Spirit   .   (helmet restricted)
rElec    .         Reflect  .   (no cloak)
rCorr    .         Harm     .   (no gloves)
MR       .....     NoTele   +   (no boots)
Stlth    ..........             (no amulet)
HPRegen  0.21/turn              (no ring)
MPRegen  0.09/turn              (no ring)

@: lethally poisoned (-8 -> -13), slowed, very slow
A: retaliatory headbutt, horns 2
a: Renounce Religion


You were in the Dungeon.
You worshipped Trog.
Trog was noncommittal.
You were not hungry.

You visited 1 branch You collected 309 gold pieces.

Inventory:

Hand Weapons
 a - a +0 war axe (weapon)
Armour
 c - a +0 shield (worn)
 n - a +0 chain mail (worn)
Wands
 l - a wand of flame (21)
Scrolls
 k - a scroll of blinking
Potions
 b - 2 potions of brilliance {unknown}
 g - a potion of heal wounds
 h - a potion of haste
 i - 2 potions of magic
 j - a potion of berserk rage
 m - a potion of agility
Comestibles
 d - 6 chunks of flesh
 f - a ration


   Skills:
 + Level 10.6 Fighting
 * Level 13.7 Axes
 + Level 3.6 Armour
 + Level 3.6 Shields
 + Level 0.0 Evocations


You had 5 spell levels left.
You didn't know any spells.
Your spell library was empty.

Dungeon Overview and Level Annotations

Branches:
Dungeon (1/1)

Altars:
Cheibriados
Dithmenos
Elyvilon
Fedhas
Gozag
Hepliaklqana
Kikubaaqudgha
Nemelex Xobeh
Okawaru
Qazlal
Ru
Sif Muna
Trog
Uskayaw
Vehumet
Wu Jian
Yredelemnul
Zin
The Shining One

Shops:
D =

Annotations:
D Sonja


Innate Abilities, Weirdness & Mutations

You reflexively headbutt those who attack you in melee.
You have a pair of horns on your head.


Message History

Sonja wields an uncursed enchanted blowgun.
Sonja shoots a curare-tipped needle.
You block the curare-tipped needle.
Sonja shoots a curare-tipped needle.
The curare-tipped needle hits you.
You are poisoned.
You have difficulty breathing.
* * * LOW HITPOINT WARNING * * *
You feel as though you will be slow longer.
Sonja mumbles some strange words.
Sonja blinks!
You see here a curare-tipped needle.
You closely miss Sonja.
Sonja is heavily wounded.
You feel sick.
Sonja unwields an uncursed enchanted blowgun.
Sonja wields an uncursed short sword of distortion.
Its appearance distorts for a moment.
You block Sonja's attack.
Sonja hits you with an uncursed short sword of distortion.
* * * LOW HITPOINT WARNING * * *
Space warps horribly around you!
You die...

#..').#..'[.#..+
#..#####'#####'#
#..####..#...#.#
#..#__####§.##.#
#..#_____##'#_.+
#⌠⌠#_.∩...÷..._#
####_..__##_(#+#
#_____###(#
####### #@#
+$.K+ #$.$#
##.## #+#


You could see Sonja.

Vanquished Creatures
  Sigmund (D)
  A yak (D)
  An ogre (D)
  A jelly (D)
  Ijyb (D)
5 creatures vanquished.

Notes
Turn   | Place    | Note
-------+----------+-------------------------------------------
     0 | D        | protoss039 the Minotaur Fighter began the quest for the Orb.
     0 | D        | Reached XP level 1. HP: 19/19 MP: 0/0
     2 | D        | Noticed Ijyb
     6 | D        | Killed Ijyb
     6 | D        | Reached skill level 5 in Fighting
     6 | D        | Reached skill level 6 in Axes
     6 | D        | Reached XP level 2. HP: 29/29 MP: 1/1
    23 | D        | Noticed an ogre
    30 | D        | Killed an ogre
    30 | D        | Reached skill level 9 in Axes
    30 | D        | Reached XP level 3. HP: 8/39 MP: 2/2
    30 | D        | Reached XP level 4. HP: 9/47 MP: 3/3
   279 | D        | Noticed Sigmund
   287 | D        | Killed Sigmund
   287 | D        | Reached skill level 12 in Axes
   287 | D        | Reached XP level 5. HP: 27/57 MP: 4/4
   455 | D        | Found an ornate altar of the Wu Jian Council.
   455 | D        | Found a deep blue altar of Sif Muna.
   457 | D        | Found a radiant altar of Vehumet.
   459 | D        | Reached XP level 6. HP: 64/64 MP: 5/5
   482 | D        | Found Aqoent's Jewellery Emporium.
   482 | D        | Found an ancient bone altar of Kikubaaqudgha.
   482 | D        | Found a hazy altar of Hepliaklqana.
   482 | D        | Found a hide-covered altar of Uskayaw.
   482 | D        | Found a basalt altar of Yredelemnul.
   482 | D        | Found an opulent altar of Gozag.
   482 | D        | Found a snail-covered altar of Cheibriados.
   482 | D        | Found a sacrificial altar of Ru.
   482 | D        | Found a shadowy altar of Dithmenos.
   482 | D        | Noticed a yak
   490 | D        | Killed a yak
   490 | D        | Reached skill level 10 in Fighting
   490 | D        | Reached skill level 13 in Axes
   491 | D        | Found a stormy altar of Qazlal.
   491 | D        | Found a blossoming altar of Fedhas.
   491 | D        | Found a bloodstained altar of Trog.
   491 | D        | Found an iron altar of Okawaru.
   491 | D        | Found a glowing golden altar of the Shining One.
   491 | D        | Found a glowing silver altar of Zin.
   491 | D        | Found a white marble altar of Elyvilon.
   494 | D        | Found a sparkling altar of Nemelex Xobeh.
   498 | D        | Became a worshipper of Trog the Wrathful
   507 | D        | Noticed Sonja
   513 | D        | Mangled by Sonja

Vault maps used:
D:        dungeon_sprint_1

Skill      XL: |  1  2  3  4  5  6 |
---------------+-------------------+-----
Fighting       | 5 7 9 10 | 10.6
Axes           | 6 9 12 13 | 13.7
Armour         | |  3.6
Shields        | |  3.6

Action                   |  1- 3 |  4- 6 || total
-------------------------+-------+-------++-------
Melee: War axe           |     9 |    18 ||    27
       Headbutt          |     1 |     3 ||     4
  Use: Potion            |     1 |     1 ||     2
Armor: Scale mail        |     3 |       ||     3
       Chain mail        |     1 |     8 ||     9
Dodge: Dodged            |       |     1 ||     1
Block: Shield            |     2 |     5 ||     7

Table legend:
 A = Spawn XP
 B = Non-spawn XP
 C = Spawn XP percentage of total XP
 D = Spawn monster count
 E = Non-spawn monster count
 F = Spawn count percentage of total count
 G = Total turns spent on level
                    A         B        C        D         E        F      G
               +---------+---------+-------+---------+---------+-------+---------
         Total |       0 |     641 |   0.0 |       0 |       5 |   0.0 |   513
               +---------+---------+-------+---------+---------+-------+---------
             D |       0 |     641 |   0.0 |       0 |       5 |   0.0 |   513
               +---------+---------+-------+---------+---------+-------+---------
